 Dungeon Crawl Stone Soup version 0.26.0-16-gc1dbca0489 (webtiles) character file.

Game seed: 8250984127384840061

502817 trckry the Peltast (level 23, -12/152 (183) HPs)
             Began as a Minotaur Fighter on Jan 20, 2021.
             Was the Champion of Ru.
             Blown up by an ancient lich (113 damage)
             ... with an orb of destruction
             ... while paralysed by an ancient lich
             ... on level 1 of the Depths on Jan 21, 2021.
             The game lasted 02:18:54 (57589 turns).

trckry the Peltast (Minotaur Fighter)              Turns: 57589, Time: 02:18:54

HP:   -12/152 (183) AC: 35    Str: 40    XL:     23   Next: 79%
MP:   21/21         EV:  2    Int:  7    God:    Ru [******]
Gold: 3408          SH:  0    Dex: 13    Spells: 22/22 levels left

rFire    + . .     SeeInvis .   I - +6 flail "Cid Hiyt" {drain, *Contam rPois rF+ Str+8}
rCold    + . .     Faith    .   e - +0 tower shield of Dogmatism {rElec rC+}
rNeg     . . .     Spirit   .   f - +2 crystal plate armour
rPois    +         Reflect  +   (helmet restricted)
rElec    +         Harm     .   P - +1 cloak of Gozag's Regard {rElec rPois Int+5}
rCorr    .         Rampage  .   J - +0 pair of gloves
Will     ++...                  G - +2 pair of boots {run}
Stlth    ..........             z - amulet "Viklit" {Reflect rElec Int-3 Dex+2 Slay+6 SH+5}
HPRegen  0.35/turn              c - ring of willpower
MPRegen  0.17/turn              U - +6 ring of strength

@: paralysed, heavily drained, quick
A: retaliatory headbutt, hooves 1, horns 2, frail 1, low mp 2, weak 2, no earth
magic, no hexes magic, no necromancy magic, reduced EV 1, disrupted magic 1,
unskilled 1
}: 3/15 runes: barnacled, silver, gossamer
a: Renounce Religion, Draw Out Power, Power Leap, Apocalypse


You were on level 1 of the Depths.
You worshipped Ru.
Ru was exalted by your worship.
You visited 8 branches of the dungeon, and saw 38 of its levels.
You also visited: Trove, Bailey, Ice Cave and Volcano.

You collected 5418 gold pieces.
You spent 2010 gold pieces at shops.

Inventory:

Hand Weapons
 I - the +6 flail "Cid Hiyt" (weapon) {drain, *Contam rPois rF+ Str+8}
   (You found it on level 7 of the Dungeon)

   A truly terrible weapon, it drains the life of those it strikes.
   It affects your strength (+8).
   It protects you from fire.
   It protects you from poison.
   It causes magical contamination when unequipped.
Missiles
 q - 73 silver javelins (quivered)
 E - 11 throwing nets
 S - 6 curare-tipped darts
Armour
 e - the +0 tower shield of Dogmatism (worn) {rElec rC+}
   (You found it in a bailey)

   It protects you from cold.
   It insulates you from electricity.
 f - a +2 crystal plate armour (worn)
 C - the +0 cloak "Qaisi" {rCorr}
   (You found it on level 5 of the Vaults)

   It provides partial protection from all sources of acid and corrosion.
 G - a +2 pair of boots of running (worn)
 J - a +0 pair of gloves (worn)
 P - the +1 cloak of Gozag's Regard (worn) {rElec rPois Int+5}
   (You found it on level 4 of the Lair of Beasts)

   It affects your intelligence (+5).
   It insulates you from electricity.
   It protects you from poison.
Jewellery
 c - a ring of willpower (left hand)
 j - an uncursed ring of protection from cold
 z - the amulet "Viklit" (around neck) {Reflect rElec Int-3 Dex+2 Slay+6 SH+5}
   (You found it on level 5 of the Vaults)

   [amulet of reflection]

   It shields you and reflects attacks.
   It affects your intelligence (-3).
   It affects your dexterity (+2).
   It affects your accuracy and damage with ranged weapons and melee attacks
   (+6).
   It insulates you from electricity.
   It affects your SH (+5).
 U - a +6 ring of strength (right hand)
Wands
 h - a wand of paralysis (22)
 i - a wand of enslavement (8)
 x - a wand of acid (20)
 y - a wand of disintegration (56)
 F - a wand of iceblast (51)
 V - a wand of digging (15)
Scrolls
 a - 4 scrolls of brand weapon
 b - 7 scrolls of fear
 g - 20 scrolls of identify
 k - 5 scrolls of magic mapping
 l - 16 scrolls of teleportation
 n - 7 scrolls of enchant armour
 p - a scroll of torment
 t - 7 scrolls of enchant weapon
 u - 21 scrolls of remove curse
 v - 5 scrolls of fog
 K - a scroll of silence
 L - 8 scrolls of blinking
 Q - 7 scrolls of immolation
 X - 2 scrolls of summoning
Potions
 d - 4 potions of might
 o - 5 potions of resistance
 s - 3 potions of invisibility
 w - 10 potions of haste
 A - 21 potions of curing
 D - 2 potions of mutation
 H - 9 potions of lignification
 M - 6 potions of heal wounds
 O - 2 potions of berserk rage
 R - 3 potions of cancellation
 W - 4 potions of flight
 Y - 2 potions of attraction
Miscellaneous
 m - a tin of tremorstones (2/2)
 r - a lightning rod (4/4)
 B - a box of beasts
 N - a phial of floods
 T - a condenser vane


   Skills:
 + Level 16.9 Fighting
 - Level 16.0 Maces & Flails
 + Level 14.4 Throwing
 + Level 16.9 Armour
 + Level 15.4 Dodging
 + Level 16.9 Shields
 - Level 7.5 Invocations
 + Level 13.3 Evocations


You had 22 spell levels left.
You didn't know any spells.
Your spell library contained the following spells:

 Spells                   Type           Power        Failure   Level
 Apportation              Tloc           0%           100%        1
 Beastly Appendage        Tmut           0%           100%        1
 Foxfire                  Conj/Fire      0%           100%        1
 Freeze                   Ice            0%           100%        1
 Magic Dart               Conj           0%           100%        1
 Summon Small Mammal      Summ           0%           100%        1
 Searing Ray              Conj           0%           100%        2
 Wereblood                Tmut           0%           100%        2
 Conjure Flame            Conj/Fire      0%           100%        3
 Frozen Ramparts          Ice            0%           100%        3
 Gell's Gravitas          Tloc           0%           100%        3
 Ignite Poison            Fire/Tmut/Pois 0%           100%        3
 Ozocubu's Armour         Ice            0%           100%        3
 Spider Form              Tmut/Pois      0%           100%        3
 Hailstorm                Conj/Ice       0%           100%        4
 Ice Form                 Ice/Tmut       0%           100%        4
 Iskenderun's Mystic Bla  Conj/Tloc      0%           100%        4
 Sticky Flame             Conj/Fire      0%           100%        4
 Summon Ice Beast         Ice/Summ       0%           100%        4
 Summon Lightning Spire   Summ/Air       0%           100%        4
 Alistair's Intoxication  Tmut/Pois      0%           100%        5
 Blade Hands              Tmut           0%           100%        5
 Fireball                 Conj/Fire      0%           100%        5
 Irradiate                Conj/Tmut      0%           100%        5
 Conjure Ball Lightning   Conj/Air       0%           100%        6
 Eringya's Noxious Bog    Tmut/Pois      0%           100%        6
 Hydra Form               Tmut           0%           100%        6
 Starburst                Conj/Fire      0%           100%        6
 Dragon Form              Tmut           0%           100%        7
 Chain Lightning          Conj/Air       0%           100%        8
 Ignition                 Fire           0%           100%        8
 Absolute Zero            Ice            0%           100%        9
 Dragon's Call            Summ           0%           100%        9
 Fire Storm               Conj/Fire      0%           100%        9
 Tornado                  Air            0%           100%        9
 Animate Skeleton         Necr           Unusable     N/A         1
 Corona                   Hex            Unusable     N/A         1
 Pain                     Necr           Unusable     N/A         1
 Sandblast                Erth           Unusable     N/A         1
 Corpse Rot               Necr/Air       Unusable     N/A         2
 Ensorcelled Hibernation  Hex/Ice        Unusable     N/A         2
 Passwall                 Tmut/Erth      Unusable     N/A         2
 Slow                     Hex            Unusable     N/A         2
 Sublimation of Blood     Necr           Unusable     N/A         2
 Confusing Touch          Hex            Unusable     N/A         3
 Dazzling Flash           Conj/Hex       Unusable     N/A         3
 Inner Flame              Hex/Fire       Unusable     N/A         3
 Portal Projectile        Hex/Tloc       Unusable     N/A         3
 Stone Arrow              Conj/Erth      Unusable     N/A         3
 Tukima's Dance           Hex            Unusable     N/A         3
 Vampiric Draining        Necr           Unusable     N/A         3
 Animate Dead             Necr           Unusable     N/A         4
 Cause Fear               Hex            Unusable     N/A         4
 Dispel Undead            Necr           Unusable     N/A         4
 Fulminant Prism          Conj/Hex       Unusable     N/A         4
 Leda's Liquefaction      Hex/Erth       Unusable     N/A         4
 Petrify                  Tmut/Erth      Unusable     N/A         4
 Agony                    Necr           Unusable     N/A         5
 Bolt of Magma            Conj/Fire/Erth Unusable     N/A         5
 Excruciating Wounds      Necr           Unusable     N/A         5
 Lee's Rapid Deconstruct  Erth           Unusable     N/A         5
 Metabolic Englaciation   Hex/Ice        Unusable     N/A         5
 Silence                  Hex/Air        Unusable     N/A         5
 Yara's Violent Unravell  Hex/Tmut       Unusable     N/A         5
 Iron Shot                Conj/Erth      Unusable     N/A         6
 Statue Form              Tmut/Erth      Unusable     N/A         6
 Discord                  Hex            Unusable     N/A         8
 Lehudib's Crystal Spear  Conj/Erth      Unusable     N/A         8
 Shatter                  Erth           Unusable     N/A         9

Dungeon Overview and Level Annotations

Branches:
Dungeon (15/15)            Temple (1/1) D:4            Lair (6/6) D:9
 Shoals (4/4) Lair:4       Spider (4/4) Lair:4        Slime (0/5) Lair:6
    Orc (2/2) D:10            Elf (0/3) Orc:2        Vaults (5/5) D:14
  Crypt (0/3) Vaults:2     Depths (1/5) D:15         Bailey (visited)
  IceCv (visited)         Volcano (visited)

Altars:
Ashenzari
Cheibriados
Dithmenos
Elyvilon
Fedhas
Gozag
Hepliaklqana
Kikubaaqudgha
Makhleb
Nemelex Xobeh
Okawaru
Qazlal
Ru
Sif Muna
Trog
Uskayaw
Vehumet
Wu Jian
Xom
Yredelemnul
Zin
The Shining One
Beogh

Shops:
D:4 }   D:5 ::[}[   D:9 (   D:12 *   D:15 ?   Orc:2 (!*([   Vaults:2 ?
Vaults:4 :

Portals:
Hell: Depths:1
Ziggurat: Depths:1

Annotations:
Lair:6 exclusion: 3 oklob plants


Innate Abilities, Weirdness & Mutations

You reflexively headbutt those who attack you in melee.
You have a pair of horns on your head.
You are frail. (-10% HP)
Your magical capacity is very low. (-20% MP)
You cannot study or cast Earth magic.
You cannot study or cast Hexes magic.
You cannot study or cast Necromancy magic.
You have somewhat slow reflexes. (EV -5)
Your casting is slightly disrupted.
You are somewhat unskilled. (-1 Apt)
You have large cloven feet.
You are very weak. (Str -4)


Message History

You sock the skeletal warrior! You headbutt the skeletal warrior.
The skeletal warrior is moderately damaged.
The ancient lich begins to cast a spell, but is stunned by your conviction!
The skeletal warrior hits you with a +0 glaive!
You block the skeletal warrior's attack.
You enter the shallow water.
Moving in this stuff is going to be slow.
You enter the shallow water.
Moving in this stuff is going to be slow.
The ancient lich casts a spell at you. The bolt of lightning hits you!
You resist. The bolt of lightning hits you! You resist.
You see here 12 arrows.
The ancient lich points at you and mumbles some strange words.
You suddenly lose the ability to move!
The ancient lich conjures an orb of pure magic.
An orb of destruction comes into view.
The orb of destruction hits you!!!!
Ouch! That really hurt!
You die...

#.# #.# #.# #.# ### #.#
#.# #..
###.#######.####..
#.......$......'..
##.####.....###.######..
.......?###.# #.# #..
##.####.# #.# #.# #..
##@# #.# #.# ###.. #☼.#
#.# #.# #.... ♣○♣♣ #.#
#.# #.... ♣♣☼♣ ... #.#
#.... ♣PL♣ #.. ..# #....
♣○z♣♣ #.... ♣♣♣♣.e≈♣ ♣
+.... .♣♣≈≈♣..≈♣♣♣P♣.#
#.... ..≈.≈≈≈≈e≈≈≈≈..#
#....


You could see an ancient lich (fast), a deep elf death mage and a skeletal
warrior.

Vanquished Creatures
  Bai Suzhen (Spider:4)
  Frederick (Vaults:2)
  Saint Roka (Vaults:4)
  2 golden dragons
  2 liches (Vaults:4)
  3 tentacled monstrosities
  2 titans (Vaults:4)
  Polyphemus (Shoals:3)
  A sphinx (Vaults:4)
  7 shadow dragons
  Roxanne (Shoals:4)
  6 fire giants
  4 tengu reavers
  A storm dragon (Vaults:4)
  A fire giant (shapeshifter) (Vaults:4)
  Donald (Vaults:1)
  8 emperor scorpions
  A frost giant (Vaults:5)
  A deep elf sorcerer (Vaults:5)
  2 ghost moths (Spider:4)
  13 vault wardens
  2 deep elf elementalists
  16 stone giants
  15 ironheart preservers
  Louise (D:14)
  A ghoul (Vaults:4)
  4 war gargoyles (Vaults:5)
  5 very ugly things
  A vampire knight (Vaults:2)
  A deep elf demonologist (Vaults:1)
  A spark wasp (Spider:4)
  3 deep elf annihilators (Vaults:5)
  The ghost of Gadfly the Demonic Cataclysm, a journeyman DsMo of Qazlal (Lair:4)
  7 entropy weavers
  11 ettins
  2 jiangshi (Depths:1)
  9 merfolk impalers
  3 fire dragons
  4 deep elf death magi
  9 merfolk javelineers
  3 deep elf high priests
  16 ogre magi
  5 great orbs of eyes
  Harold (D:7)
  9 boulder beetles
  4 ice dragons
  2 rakshasas
  32 vault guards
  9 yaktaur captains
  5 centaur warriors
  13 hydras
  3 catoblepae
  2 death knights
  A merfolk avatar (Shoals:3)
  4 merfolk aquamancers
  44 two-headed ogres
  A deep troll shaman (Vaults:4)
  11 death yaks
  2 satyrs
  2 deep troll earth magi
  3 tengu warriors
  3 vampire magi
  2 deep elf knights (Vaults:1)
  Nergalle (D:10)
  A soul eater (Depths:1)
  A hell knight (Vaults:4)
  2 skeletal warriors
  4 unseen horrors
  16 sea snakes
  6 deep trolls
  12 deep elf archers
  6 lindwurms
  A swamp dragon (Lair:6)
  Pikel (D:6)
  2 flayed ghosts
  3 wizards
  A harpy (shapeshifter) (Vaults:5)
  8 ironbrand convokers
  4 phantasmal warriors
  3 orc knights
  An orc sorcerer (Orc:2)
  22 orb spiders
  4 necromancers
  11 harpies
  A mana viper (shapeshifter) (Vaults:4)
  18 deep elf magi
  33 wolf spiders
  6 fauns
  A frost giant zombie (Vaults:4)
  25 ugly things
  3 moths of wrath
  15 manticores
  7 cyclopes
  Maurice (D:8)
  Joseph (D:7)
  An ice statue (IceCv)
  9 elephants
  Psyche (D:8)
  18 vault sentinels
  9 merfolk sirens
  5 black mambas
  3 gargoyles
  6 torpor snails
  A naga mage (D:15)
  7 water nymphs
  4 kobold demonologists
  7 komodo dragons
  13 demonic crawlers
  Maggie (D:9)
  21 cane toads
  6 rime drakes
  A rime drake (shapeshifter) (Vaults:2)
  43 yaktaurs
  A yaktaur skeleton (Vaults:2)
  3 efreet
  17 freezing wraiths
  3 meliai (Spider:4)
  3 tengu conjurers
  31 jumping spiders
  7 trolls
  35 merfolk
  3 hornets
  9 wind drakes
  4 polar bears
  14 blink frogs
  16 snapping turtles
  A stone giant simulacrum (Vaults:3)
  11 dream sheep
  A blink frog (shapeshifter) (Vaults:3)
  7 slime creatures
  2 raiju (shapeshifter)
  3 shadows
  59 redbacks
  34 tarantellas
  A tarantella (shapeshifter) (D:13)
  11 water elementals
  4 fire elementals (Volcano)
  41 yaks
  7 wyverns
  A hog (shapeshifter) (Vaults:4)
  A vampire (D:15)
  9 basilisks
  6 wraiths
  Grum (D:8)
  Menkaure (D:7)
  5 wargs
  A harpy simulacrum (D:13)
  A soldier ant (D:10)
  A soldier ant (shapeshifter) (Depths:1)
  5 acid dragons
  17 water moccasins
  Duvessa (D:7)
  7 sky beasts
  2 swamp drakes (Lair:6)
  A deep troll skeleton (Vaults:4)
  2 ettin simulacra
  15 ice beasts
  26 orc warriors
  2 black bears
  5 boggarts (Vaults:3)
  An alligator simulacrum (IceCv)
  54 ogres
  16 centaurs
  13 wolves
  3 human skeletons
  A lemure (D:6)
  7 big kobolds
  A human zombie (Vaults:4)
  11 bullfrogs
  Dowan (D:7)
  4 scorpions
  18 killer bees
  2 human simulacra (Vaults:2)
  16 wights
  2 electric eels
  7 howler monkeys
  3 jellies
  3 centaur zombies
  5 draconian simulacra (IceCv)
  A quasit (D:8)
  11 orc priests
  2 bullfrog zombies
  9 hounds
  Crazy Yiuf (D:4)
  8 centaur skeletons
  3 bullfrog skeletons
  8 iguanas
  Natasha (twice) (D:4)
  24 orc wizards
  2 spriggan simulacra (IceCv)
  9 worker ants
  A polar bear simulacrum (IceCv)
  8 troll simulacra (IceCv)
  2 wolf simulacra (IceCv)
  2 centaur simulacra
  A hound skeleton (D:4)
  13 adders
  15 gnolls
  4 naga simulacra (IceCv)
  2 howler monkey skeletons
  4 shadow imps
  16 white imps
  An ufetubus (D:8)
  2 oozes
  An adder zombie (D:9)
  A worm (shapeshifter) (Vaults:3)
  3 worms
  4 dart slugs
  5 leopard geckos
  90 orcs
  3 giant cockroaches
  7 goblins
  7 hobgoblins
  12 jackals
  11 quokkas
  A ball python (D:1)
  3 bats
  5 frilled lizards
  24 kobolds
  2 leopard gecko skeletons (D:8)
  A quokka skeleton (D:8)
  A quokka zombie (D:7)
  9 rats
  2 crawling corpses (Vaults:5)
1659 creatures vanquished.

Vanquished Creatures (collateral kills)
  A black bear (shapeshifter) (Vaults:4)
1 creature vanquished.

Vanquished Creatures (others)
  A frost giant (Depths:1)
  A very ugly thing (Vaults:4)
  An ironheart preserver (Vaults:1)
  A deep elf death mage (Vaults:5)
  A jiangshi (Depths:1)
  A centaur warrior (Vaults:2)
  A merfolk aquamancer (Shoals:3)
  The ghost of ragingrage the Basher, a journeyman GrDe of Okawaru (D:13)
  A deep troll (Vaults:2)
  A deep elf archer (Vaults:1)
  An ironbrand convoker (Vaults:2)
  A necromancer (Vaults:2)
  An ugly thing (Vaults:2)
  A deep elf mage (Vaults:4)
  A faun (Shoals:4)
  3 wolf spiders
  A toenail golem (Volcano)
  A merfolk siren (Shoals:4)
  A vault sentinel (Vaults:2)
  A black mamba (Lair:3)
  2 rime drakes
  A demonic crawler (Spider:1)
  A cane toad (Lair:6)
  A yaktaur (Vaults:2)
  A freezing wraith (Vaults:4)
  A merfolk (Shoals:3)
  2 snapping turtles
  A redback (Spider:4)
  A yak (Lair:6)
  An ogre (Vaults:4)
  A bullfrog (D:14)
  Natasha (D:4)
  A white imp (IceCv)
  3 orcs
  A fire vortex (Volcano)
  23 fungi
  112 plants
176 creatures vanquished.

Grand Total: 1836 creatures vanquished

Notes
Turn   | Place    | Note
-------+----------+-------------------------------------------
     0 | D:1      | trckry the Minotaur Fighter began the quest for the Orb.
     0 | D:1      | Reached XP level 1. HP: 19/19 MP: 0/0
   318 | D:1      | Reached XP level 2. HP: 27/27 MP: 1/1
   928 | D:2      | Reached XP level 3. HP: 24/33 MP: 2/2
  1101 | D:2      | Reached skill level 1 in Throwing
  1101 | D:2      | Reached skill level 1 in Dodging
  1164 | D:2      | Reached XP level 4. HP: 23/40 MP: 0/3
  1395 | D:2      | Reached skill level 1 in Invocations
  1783 | D:3      | Found an ornate altar of the Wu Jian Council.
  2359 | D:3      | Reached skill level 1 in Evocations
  2359 | D:3      | Reached XP level 5. HP: 46/46 MP: 4/4
  2702 | D:4      | Noticed an ogre
  2707 | D:4      | Killed an ogre
  2752 | D:4      | Reached XP level 6. HP: 50/53 MP: 6/6
  2827 | D:4      | Noticed Natasha
  2835 | D:4      | Killed Natasha
  3001 | D:4      | Found a runed translucent door.
  3002 | D:4      | Noticed Crazy Yiuf
  3066 | D:4      | Killed Natasha
  3074 | D:4      | Killed Crazy Yiuf
  3361 | D:4      | Noticed Natasha
  3364 | D:4      | Killed Natasha
  3376 | D:4      | Found a staircase to the Ecumenical Temple.
  3569 | D:4      | Found Xaall's Gadget Shop.
  3729 | D:4      | Reached skill level 5 in Maces & Flails
  3729 | D:4      | Reached XP level 7. HP: 26/60 MP: 7/7
  3920 | D:4      | Found a radiant altar of Vehumet.
  3921 | D:4      | Found a snail-covered altar of Cheibriados.
  3923 | D:4      | Found a hide-covered altar of Uskayaw.
  3926 | D:4      | Found a shimmering altar of Xom.
  3927 | D:4      | Found a blossoming altar of Fedhas.
  3927 | D:4      | Found a sacrificial altar of Ru.
  3927 | D:4      | Found an opulent altar of Gozag.
  3929 | D:4      | Found a bloodstained altar of Trog.
  3930 | D:4      | Found a broken altar of Ashenzari.
  3931 | D:4      | Found an iron altar of Okawaru.
  3935 | D:4      | Became a worshipper of Ru the Awakened
  4050 | Temple   | Entered the Ecumenical Temple
  4357 | D:5      | Entered Level 5 of the Dungeon
  4380 | D:5      | Found Ucaisuri's Gadget Shop.
  4538 | D:5      | Found Qaynirogh's Antique Armour Emporium.
  4592 | D:5      | Reached skill level 5 in Fighting
  4639 | D:5      | Found Wibon's Armour Boutique.
  4677 | D:5      | Found Wyqaoli's Book Shop.
  4766 | D:5      | Found Biramori's Book Boutique.
  5196 | D:5      | Found a shadowy altar of Dithmenos.
  5197 | D:5      | Found a hazy altar of Hepliaklqana.
  5199 | D:5      | Noticed a shadow
  5336 | D:6      | Reached skill level 5 in Armour
  5336 | D:6      | Reached skill level 5 in Shields
  5380 | D:6      | Found a sacrificial altar of Ru.
  5395 | D:6      | Reached XP level 8. HP: 58/68 MP: 8/8
  5514 | D:6      | Noticed Pikel
  5536 | D:6      | Killed Pikel
  5567 | D:6      | Gained mutation: Your casting is slightly disrupted. [Ru
                  | sacrifice]
  5759 | D:6      | You fall into a shaft and drop 3 floors!
  6028 | D:9      | Found Etsuruel's Antique Weapon Emporium.
  6082 | D:8      | Reached XP level 9. HP: 60/75 MP: 10/10
  6206 | D:8      | Noticed Psyche
  6218 | D:8      | Killed Psyche
  6741 | D:7      | Got an encrusted flail
  6747 | D:7      | Identified the +6 flail "Cid Hiyt" {drain, *Contam rPois
                  | rF+ Str+8} (You found it on level 7 of the Dungeon)
  6818 | D:7      | Noticed Menkaure
  6825 | D:7      | Killed Menkaure
  7075 | D:7      | Noticed Harold
  7096 | D:7      | Killed Harold
  7494 | D:7      | Noticed Joseph
  7511 | D:7      | Killed Joseph
  7725 | D:7      | Reached XP level 10. HP: 53/84 MP: 12/12
  7970 | D:7      | Noticed Duvessa
  7970 | D:7      | Noticed Dowan
  7984 | D:7      | Killed Duvessa
  7985 | D:7      | Reached skill level 5 in Dodging
  7991 | D:7      | Killed Dowan
  8205 | D:8      | Gained mutation: You cannot study or cast Earth magic. [Ru
                  | sacrifice]
  8205 | D:8      | Gained mutation: You cannot study or cast Hexes magic. [Ru
                  | sacrifice]
  8205 | D:8      | Gained mutation: You cannot study or cast Necromancy magic.
                  | [Ru sacrifice]
  8205 | D:8      | Reached * piety under Ru
  8329 | D:8      | Noticed Grum
  8358 | D:8      | Reached skill level 5 in Throwing
  8365 | D:8      | Killed Grum
  8643 | D:8      | Noticed a two-headed ogre
  8649 | D:8      | Killed a two-headed ogre
  8650 | D:8      | Reached skill level 5 in Invocations
  8996 | D:8      | Noticed a two-headed ogre
  9006 | D:8      | Killed a two-headed ogre
  9007 | D:8      | Reached skill level 10 in Maces & Flails
  9278 | D:8      | Reached skill level 5 in Evocations
  9278 | D:8      | Reached XP level 11. HP: 93/93 MP: 14/14
  9444 | D:8      | Noticed a seven-headed hydra
  9452 | D:8      | Identified the +1 robe "Ciwas" {Will+}
  9452 | D:8      | Noticed Maurice
  9453 | D:8      | Killed a seven-headed hydra
  9470 | D:8      | Killed Maurice
  9489 | D:8      | Noticed a two-headed ogre
  9491 | D:8      | Identified the +9 whip of the Endless Expanse {freeze,
                  | rPois rC++ Int-2 Stlth+}
  9493 | D:8      | Killed a two-headed ogre
  9964 | D:9      | Found a staircase to the Lair.
 10304 | D:9      | Found a blossoming altar of Fedhas.
 10581 | D:9      | Noticed Maggie
 10589 | D:9      | Killed Maggie
 10870 | D:10     | Entered Level 10 of the Dungeon
 10876 | D:10     | Found a staircase to the Orcish Mines.
 10933 | D:10     | Found a flagged portal.
 10940 | Bailey   | Entered a bailey
 11106 | Bailey   | Noticed an orc knight
 11156 | Bailey   | Got a masterwork tower shield
 11178 | Bailey   | Identified the cursed +0 tower shield of Dogmatism {rElec
                  | rC+} (You found it in a bailey)
 11193 | Bailey   | Gained mutation: You have somewhat slow reflexes. (EV -5)
                  | [Ru sacrifice]
 11193 | Bailey   | Reached ** piety under Ru
 11207 | Bailey   | Killed an orc knight
 11614 | D:10     | Found a shimmering altar of Xom.
 11682 | D:10     | Noticed Nergalle
 11701 | D:10     | Killed Nergalle
 12210 | D:11     | Noticed a seven-headed hydra
 12216 | D:11     | Killed a seven-headed hydra
 12378 | D:11     | Reached XP level 12. HP: 100/103 MP: 15/15
 12446 | D:11     | You fall into a shaft and drop 2 floors!
 12843 | D:11     | Noticed a boulder beetle
 12861 | D:11     | Killed a boulder beetle
 13058 | D:11     | Noticed a boulder beetle
 13078 | D:11     | Killed a boulder beetle
 13191 | D:11     | Noticed a four-headed hydra
 13541 | D:11     | Killed a four-headed hydra
 13816 | D:12     | Found Lor Terosukk's Assorted Antiques.
 14621 | Lair:1   | Entered Level 1 of the Lair of Beasts
 14675 | Lair:1   | Noticed a six-headed hydra
 14686 | Lair:1   | Killed a six-headed hydra
 14912 | Lair:1   | Found a transporter.
 14914 | Lair:1   | Found a transporter.
 14914 | Lair:1   | Noticed a boulder beetle
 15352 | Lair:1   | Killed a boulder beetle
 15591 | Lair:2   | Reached XP level 13. HP: 96/111 MP: 17/17
 16252 | Lair:2   | Gained mutation: You have a pair of large horns on your
                  | head. [potion of mutation]
 16252 | Lair:2   | Gained mutation: Armour fits poorly on your strangely
                  | shaped body. [potion of mutation]
 16252 | Lair:2   | Gained mutation: You are weak. (Str -2) [potion of
                  | mutation]
 16252 | Lair:2   | Gained mutation: You possess an exceptional clarity of
                  | mind. [potion of mutation]
 16726 | Lair:3   | Lost mutation: Armour fits poorly on your strangely shaped
                  | body. [potion of mutation]
 16726 | Lair:3   | Lost mutation: You have a pair of large horns on your head.
                  | [potion of mutation]
 16726 | Lair:3   | Gained mutation: You are very weak. (Str -4) [potion of
                  | mutation]
 16726 | Lair:3   | Gained mutation: You have large cloven feet. [potion of
                  | mutation]
 16824 | Lair:3   | Reached skill level 10 in Shields
 16832 | Lair:3   | Reached skill level 10 in Armour
 16964 | Lair:3   | Reached skill level 10 in Fighting
 17328 | Lair:3   | Gained mutation: You are somewhat unskilled. (-1 Apt) [Ru
                  | sacrifice]
 17328 | Lair:3   | Reached *** piety under Ru
 17328 | Lair:3   | Reached **** piety under Ru
 17708 | Lair:4   | Found a dark tunnel.
 17717 | Volcano  | Entered a volcano
 18061 | Lair:4   | Found a staircase to the Shoals.
 18078 | Lair:4   | Found a frozen archway.
 18124 | IceCv    | Entered an ice cave
 18905 | IceCv    | Found an ancient bone altar of Kikubaaqudgha.
 19857 | Lair:4   | Found a transporter.
 19880 | Lair:4   | Found a transporter.
 20113 | Lair:4   | Gained mutation: You are frail. (-10% HP) [Ru sacrifice]
 20113 | Lair:4   | Reached ***** piety under Ru
 20152 | Lair:4   | Reached XP level 14. HP: 107/107 MP: 18/18
 20162 | Lair:4   | Noticed Gadfly's ghost (journeyman DsMo)
 20297 | Lair:4   | Found a hole to the Spider Nest.
 20893 | Lair:4   | Killed Gadfly's ghost
 21107 | Lair:4   | Got a slimy cloak
 21118 | Lair:4   | Identified the +1 cloak of Gozag's Regard {rElec rPois
                  | Int+5} (You found it on level 4 of the Lair of Beasts)
 21333 | Lair:5   | Reached skill level 10 in Shields
 21354 | Lair:5   | Reached skill level 10 in Armour
 21373 | Lair:5   | Reached skill level 10 in Fighting
 21812 | Lair:6   | Entered Level 6 of the Lair of Beasts
 22469 | Lair:6   | Found a staircase to the Slime Pits.
 22648 | Lair:6   | Gained mutation: Your magical capacity is low. (-10% MP)
                  | [Ru sacrifice]
 22648 | Lair:6   | Reached ****** piety under Ru
 23360 | Lair:6   | Reached XP level 15. HP: 93/107 MP: 8/17
 24270 | Orc:1    | Entered Level 1 of the Orcish Mines
 24578 | Orc:1    | Found a roughly hewn altar of Beogh.
 25057 | D:5      | Bought a wand of digging (4) for 208 gold pieces
 25057 | D:5      | Bought a wand of digging (6) for 260 gold pieces
 25357 | Orc:2    | Entered Level 2 of the Orcish Mines
 25381 | Orc:2    | Found a staircase to the Elven Halls.
 25476 | Orc:2    | Found a radiant altar of Vehumet.
 25771 | Orc:2    | Found Saf Heiwn's Antique Weapon Emporium.
 25948 | Orc:2    | Found Wiufruac's Distillery.
 25948 | Orc:2    | Found Huesam's Antique Weapon Shoppe.
 25948 | Orc:2    | Found Heveh Gieri's General Store.
 25950 | Orc:2    | Found Riocaoz's Antique Armour Emporium.
 25975 | Orc:2    | Bought a potion of flight for 33 gold pieces
 25975 | Orc:2    | Bought a potion of might for 44 gold pieces
 25975 | Orc:2    | Bought a potion of flight for 33 gold pieces
 25975 | Orc:2    | Bought a potion of curing for 33 gold pieces
 25975 | Orc:2    | Bought a potion of haste for 110 gold pieces
 25975 | Orc:2    | Bought a potion of haste for 110 gold pieces
 26364 | Lair:2   | Got an encrusted mace
 26365 | Lair:2   | Identified the +7 mace "Akuunito" {vamp, *Drain Will++}
                  | (You found it on level 2 of the Lair of Beasts)
 26600 | D:13     | Found a sparkling altar of Nemelex Xobeh.
 26603 | D:13     | Found a large runed translucent door.
 26725 | D:13     | Found a large runed translucent door.
 26731 | D:13     | Noticed ragingrage's ghost (journeyman GrDe)
 26753 | D:13     | Killed ragingrage's ghost
 27722 | D:14     | Found a bloodstained altar of Trog.
 27781 | D:14     | Reached skill level 15 in Maces & Flails
 27882 | D:14     | Found a gate to the Vaults.
 27919 | D:14     | Reached skill level 10 in Dodging
 28070 | D:14     | Noticed Louise
 28234 | D:14     | Reached XP level 16. HP: 117/123 MP: 18/18
 28411 | D:14     | Killed Louise
 28756 | D:14     | Found a portal to a secret trove of treasure.
 29141 | D:15     | Entered Level 15 of the Dungeon
 29303 | D:15     | Found Ruamucko's Magic Scroll Shop.
 29321 | D:15     | Bought a scroll of noise for 11 gold pieces
 29953 | D:15     | Found a staircase to the Depths.
 30571 | Spider:1 | Entered Level 1 of the Spider Nest
 32241 | Spider:2 | HP: 7/119 [wolf spider (11)]
 32243 | Spider:2 | Reached skill level 10 in Throwing
 33942 | Spider:3 | Reached XP level 17. HP: 102/131 MP: 19/19
 34410 | Spider:4 | Entered Level 4 of the Spider Nest
 34568 | Spider:4 | Noticed Bai Suzhen
 34700 | Spider:4 | Killed Bai Suzhen
 36235 | Spider:4 | Identified a scroll of acquirement
 36330 | Spider:4 | Got a gossamer rune of Zot
 36572 | Shoals:1 | Entered Level 1 of the Shoals
 36637 | Shoals:1 | Reached skill level 10 in Evocations
 37190 | Shoals:1 | You fall into a shaft and drop 1 floor!
 37869 | Shoals:1 | Reached XP level 18. HP: 126/141 MP: 20/20
 39173 | Shoals:3 | Noticed Polyphemus
 40274 | Shoals:3 | Killed Polyphemus
 40706 | Shoals:4 | Entered Level 4 of the Shoals
 41220 | Shoals:4 | Identified Run Caqe's Catalogue of Creative Confrontation
 41385 | Shoals:4 | Identified the +3 morningstar of Valiance {vorpal, rN++
                  | Int+3 Dex+3} (You found it on level 4 of the Shoals)
 41623 | Shoals:4 | Got a barnacled rune of Zot
 41687 | Shoals:4 | Noticed Roxanne
 42187 | Shoals:4 | Killed Roxanne
 42646 | Vaults:1 | Entered Level 1 of the Vaults
 42698 | Vaults:1 | Noticed Donald
 42706 | Vaults:1 | Killed Donald
 43263 | Vaults:1 | Reached XP level 19. HP: 150/150 MP: 21/21
 43994 | Vaults:1 | Noticed a Tzitzimitl
 45520 | Vaults:2 | Found a staircase to the Crypt.
 45733 | Vaults:2 | Noticed Frederick
 45741 | Vaults:2 | Killed Frederick
 45928 | Vaults:2 | Found Restrit's Magic Scroll Emporium.
 45936 | Vaults:2 | Bought a scroll of fog for 38 gold pieces
 45936 | Vaults:2 | Bought a scroll of blinking for 142 gold pieces
 45936 | Vaults:2 | Bought a scroll of acquirement for 988 gold pieces
 46121 | D:14     | You paid a toll of 2 scrolls of acquirement to enter a
                  | treasure trove
 46122 | Trove    | Entered a treasure trove
 46187 | Trove    | Identified the Collected Works on Dark Rites and
                  | Enchantment
 46189 | Trove    | Identified Unnokaf's Collected Works on Combat Magic
 46198 | Trove    | Got a pitted ivory amulet
 46218 | Trove    | Reached XP level 20. HP: 153/153 MP: 22/22
 46219 | Trove    | Reached skill level 15 in Shields
 46219 | Trove    | Reached XP level 21. HP: 159/159 MP: 22/22
 46248 | D:14     | Identified the amulet "Puwiodeu" {Spirit *Slow Int+2
                  | Slay+3} (You found it in a treasure trove)
 46758 | Vaults:2 | Reached skill level 15 in Armour
 46964 | Vaults:3 | Reached skill level 15 in Fighting
 47084 | Vaults:3 | Gained mutation: Your magical capacity is very low. (-20%
                  | MP) [mutagenic glow]
 47102 | Vaults:3 | Lost mutation: You possess an exceptional clarity of mind.
                  | [mutagenic glow]
 47612 | Vaults:3 | Reached XP level 22. HP: 150/151 MP: 15/21
 48167 | Vaults:3 | You fall into a shaft and drop 1 floor!
 49632 | Vaults:4 | Noticed Saint Roka
 49658 | Vaults:4 | Killed Saint Roka
 50030 | Vaults:4 | Found Ycvatuel's Book Emporium.
 50611 | Vaults:5 | Entered Level 5 of the Vaults
 50914 | Vaults:5 | Paralysed by a great orb of eyes for 3 turns
 52015 | Vaults:4 | Reached XP level 23. HP: 82/153 MP: 12/21
 52758 | Vaults:5 | Identified the +8 longbow "Usiczoly" {flame, rElec Will+}
 53430 | Vaults:5 | Reached skill level 15 in Dodging
 53438 | Vaults:4 | HP: 12/142 [stone giant (23)]
 54212 | Vaults:5 | Noticed a caustic shrike
 54223 | Vaults:4 | a caustic shrike changed into a golden dragon
 55525 | Vaults:5 | Got a pitted sapphire amulet
 55536 | Vaults:5 | Identified the amulet "Viklit" {Reflect rElec Int-3 Dex+2
                  | Slay+6 SH+5} (You found it on level 5 of the Vaults)
 55559 | Vaults:5 | Identified a +2 pair of boots of running (You found it on
                  | level 5 of the Vaults)
 55685 | Vaults:5 | Identified the +8 falchion of Inquiry {holy, +Blink rElec
                  | rC++ Int-5}
 56322 | Vaults:5 | Got a bloodstained cloak
 56328 | Vaults:5 | Got a silver rune of Zot
 56500 | Vaults:5 | Identified the +0 cloak "Qaisi" {rCorr} (You found it on
                  | level 5 of the Vaults)
 56747 | Depths:1 | Entered Level 1 of the Depths
 56836 | Depths:1 | Paralysed by a great orb of eyes for 7 turns
 57072 | Depths:1 | Noticed an ancient lich
 57135 | Depths:1 | Found a gateway to a ziggurat.
 57165 | Depths:1 | Found a gateway to Hell.
 57587 | Depths:1 | Paralysed by an ancient lich for 5 turns
 57589 | Depths:1 | Blown up by an ancient lich

Illustrated notes

Levels and vault maps discovered:
D:1:      lemuel_arrival_river_bridge, layout_loops_corners, chequers_arboretum,
          minivault_23, ebering_dispersal_statue_hall
D:2:      layout_rooms, grunt_decor_arrowhead
D:3:      layout_basic, lemuel_crystal_altar, st_stairs_1,
          kennysheep_generic_room_15
D:4:      layout_basic, minitemple, lemuel_temple_firewalk_b, serial_shops,
          shop, kennysheep_generic_room_14, uniq_crazy_yiuf_cottage,
          uniq_natasha
D:5:      layout_loops_corners, riverfiend_overflow_shadow_ancestor,
          serial_shops, shop, shop, kennysheep_mini_moat,
          nicolae_shop_waterfront, shop
D:6:      layout_loops_ring, basic_altar, uniq_pikel
D:7:      layout_basic, hangedman_decor_diamond_cutter, uniq_duvessa,
          uniq_menkaure, uniq_harold, uniq_joseph
D:8:      minmay_the_grid_octo_tiled_octocenter
          [minmay_the_grid_octo_checkerflower, minmay_the_grid_octo_fat_diamond,
          minmay_the_grid_octo_horde, minmay_the_grid_octo_chip,
          minmay_the_grid_octo_prize_single_spiral,
          minmay_the_grid_square_5x5_shrine2, minmay_the_grid_square_5x5_tie,
          minmay_the_grid_square_5x5_empty,
          minmay_the_grid_square_5x5_six_small], layout_basic, uniq_grum,
          uniq_maurice, uniq_psyche
D:9:      layout_big_octagon, david_lair_generic, serial_shops, shop,
          fedhas_altar_4, uniq_maggie
D:10:     layout_gridville, orc_0_dummy, enter_bailey_2, tgw_xom, uniq_nergalle
D:11:     layout_roguey
D:12:     layout_roguey, serial_shops, nicolae_shop_overgrown_old_shop,
          kennysheep_generic_room_2
D:13:     layout_grid_maze, ebering_ghost_disaster_area,
          nemelex_xobeh_ov_fountains_minmay
D:14:     layout_roguey, erik_vaults_2, enter_trove_6, serial_co_window_serial,
          co_window_corner_a, co_window_paths_a, co_window_of_opportunity_a,
          co_window_of_opportunity_a, co_window_paths_b, co_window_broadway_b,
          co_window_broadway_a, co_window_corner_b, co_window_cross_2,
          co_window_broadway_a, co_window_unsneaky_path_d, co_window_4corner_a,
          glass_columns_a, glass_columns_a, basic_altar,
          kennysheep_generic_room_5, uniq_louise
D:15:     grunt_enter_depths_magical_seal, layout_irregular_city,
          minmay_misc_feat_iff, serial_shops, nicolae_shop_crystal,
          minmay_between
Temple:   compressed_dpeg_triangle_lava_temple
Lair:1:   gammafunk_boulding_lane, layout_regular_city, serial_forest,
          infiniplex_forest_clump_curved, infiniplex_forest_lined_2,
          infiniplex_forest_straight_4, infiniplex_forest_3_way,
          infiniplex_forest_straight_2, infiniplex_forest_clump_cross,
          infiniplex_forest_lined_room_3
Lair:2:   layout_roguey, minmay_lindwurm_lava
Lair:3:   layout_small_grid, beast_lair_carwin_9, grunt_megastairs_4,
          serial_bayou_shore_a, infiniplex_staircase_pool_2
Lair:4:   layout_hall_layers, elwin_shoals_entry_rocks,
          nicolae_spider_entry_orb_guardian, gammafunk_ghost_berserking_beasts,
          nicolae_volcano_entry_hallway,
          portal_ice_cave_entry_animals_and_master, serial_bayou_shore_b
Lair:5:   layout_cave_shapes
Lair:6:   guppyfry_lair_end_dragon, layout_regular_city,
          hangedman_lair_in_review, minmay_slime_entry_oklob_enclosed
Shoals:1: layout_shoals, nicolae_shoals_square_sea_wall
Shoals:2: layout_shoals
Shoals:3: layout_shoals, st_sunken_huts, uniq_polyphemus
Shoals:4: shoals_end_simple, layout_shoals, uniq_roxanne
Spider:1: layout_chambers, nicolae_spider_webbed_stairs,
          hangedman_spider_tarantella_strand
Spider:2: layout_spider_delve, drop_trap
Spider:3: layout_spider_delve, nicolae_spider_cling_halls
Spider:4: grunt_spider_rune_circles, uniq_bai_suzhen
Orc:1:    layout_caves, serial_shops, mines1_david
Orc:2:    st_orc_ogre_mass, layout_diamond_mine, basic_altar, serial_shops, shop
Vaults:1: v_rooms_3, grunt_vaults_hallway_long, ontoclasm_vaults_misaligned,
          nicolae_vaults_network_periphery, nicolae_vaults_alarming,
          vaults_dpeg_cross, vaults_mumra_chevron, ontoclasm_vaults_pinch,
          layout_vaults_omnigrid, uniq_donald
Vaults:2: v_misc_29, grunt_vaults_trifunnel, nicolae_vaults_shelves_hall,
          nicolae_vaults_minivaults, vaults_standard_mumra_x, serial_ice_h,
          nicolae_vaults_stairing_the_circle, v_misc_13, v_rooms_2,
          vaults_room_fours, minmay_crypt_entry_simple_box, vaults_room_hallway,
          layout_vaults_big_cross, serial_shops, shop, uniq_frederick
Vaults:3: ontoclasm_vaults_water_temple, hangedman_vaults_pinch, v_misc_23,
          nicolae_vaults_little_squares_4, v_pattern_3, v_misc_26,
          vaults_mumra_hexcomb, nicolae_vaults_little_squares_5,
          layout_vaults_chaotic_city
Vaults:4: vaults_room_pools, grunt_vaults_focal, grunt_vaults_diagonal,
          vaults_mumra_hex, nicolae_vaults_quadrants, v_misc_26,
          vaults_standard_mumra_lines, nicolae_vaults_big_ls,
          dpeg_vaults_monster_row, nicolae_vaults_theta,
          vaults_room_stairs_pillars, nicolae_vaults_diagonal_hallway_8,
          vaults_room_door_ring, nicolae_vaults_asterisk, nicolae_vaults_theta,
          layout_vaults_maze, serial_shops, shop_statue, uniq_saint_roka
Vaults:5
Depths:1: dpeg_oklob_gauntlet, layout_gridlike, enter_ziggurat_a,
          minmay_misc_feat_encased, special_room [special_room_morgue],
          serial_bayou, serial_bayou_pond_c, serial_bayou_pond_d,
          serial_bayou_crossing, serial_bayou_pond_d, hell_entry,
          grunt_decor_resistance, minivault_16, eino_tiny_chamber, st_stairs_10,
          solitary_fountain, grunt_ministairs_4, kennysheep_generic_room_12

Skill      XL: |  1  2  3  4  5  6  7  8  9 10 11 12 13 14 15 16 17 18 19 20 21 22 23 |
---------------+----------------------------------------------------------------------+-----
Maces & Flails | 3 4 5 6 7 8 10 11 12 12 14 15 16 | 16.0
Throwing       | 1 2 3 4 5 6 7 8 9 10 11 12 13 14 | 14.4
Dodging        | 1 2 3 4 5 7 8 8 9 10 11 12 13 14 15 | 15.4
Fighting       | 4 5 6 7 8 9 9 10 11 12 13 14 15 16 | 16.9
Armour         | 4 5 6 7 8 9 9 10 11 12 13 14 15 16 | 16.9
Invocations    | 1 2 3 4 5 6 7 |  7.5
Shields        | 4 5 6 7 8 9 9 10 11 12 13 14 15 16 | 16.9
Evocations     | 1 2 3 4 5 6 6 7 8 9 10 11 12 13 | 13.3

Action                   |  1- 3 |  4- 6 |  7- 9 | 10-12 | 13-15 | 16-18 | 19-21 | 22-24 || total
-------------------------+-------+-------+-------+-------+-------+-------+-------+-------++-------
Melee: Flail             |    79 |    54 |    57 |   745 |  1443 |  2101 |   565 |   941 ||  5985
       Headbutt          |    15 |    34 |    47 |   181 |   429 |   612 |   216 |   375 ||  1909
       Morningstar       |       |   105 |   170 |       |       |       |       |       ||   275
Throw: Dart              |       |       |     5 |     8 |       |    12 |       |       ||    25
       Javelin           |       |       |       |       |       |       |     6 |       ||     6
Invok: Sacrifice Essence |       |       |     1 |       |     1 |       |       |       ||     2
       Sacrifice Arcana  |       |       |       |     1 |       |       |       |       ||     1
       Sacrifice Health  |       |       |       |     1 |     1 |       |       |       ||     2
       Reject Sacrifices |       |       |       |     1 |       |       |       |       ||     1
       Sacrifice Skill   |       |       |       |       |     1 |       |       |       ||     1
       Apocalypse        |       |       |       |       |     2 |     4 |     3 |     6 ||    15
Evoke: Wand              |       |       |       |       |     3 |     7 |     1 |     3 ||    14
       Tin of tremorston |       |       |       |       |       |       |       |     2 ||     2
       Box of beasts     |       |       |       |       |       |       |       |     1 ||     1
  Use: Scroll            |       |       |     1 |    14 |     9 |    10 |     3 |     6 ||    43
       Potion            |       |       |       |     9 |     3 |     2 |     2 |     4 ||    20
 Stab: Invisible         |       |       |     1 |       |    10 |    15 |     4 |       ||    30
       Distracted        |       |       |       |     1 |     6 |    11 |     3 |     7 ||    28
       Paralysed         |       |       |       |       |     2 |    10 |     8 |    17 ||    37
       Petrified         |       |       |       |       |       |     7 |       |       ||     7
Armor: Scale mail        |    30 |    11 |       |       |       |       |       |       ||    41
       Chain mail        |       |    43 |    95 |     4 |       |       |       |       ||   142
       Plate armour      |       |       |       |   189 |       |       |       |       ||   189
       Crystal plate arm |       |       |       |   191 |   663 |  1092 |   117 |   351 ||  2414
Dodge: Dodged            |    22 |    37 |    59 |   143 |   188 |   223 |    36 |   122 ||   830
       Repelled          |       |       |       |     1 |     2 |       |       |       ||     3
Block: Kite shield       |    26 |    75 |   106 |   250 |       |       |       |       ||   457
       Tower shield      |       |       |       |   364 |  1127 |  2007 |   417 |   819 ||  4734
       Reflection        |       |       |       |       |       |    12 |    38 |    22 ||    72
